 Dungeon Crawl Stone Soup version bcrawl-1.40.3b (webtiles) character file.

Game seed: 3404220357300605896

217748 Finalfun the Shield-Bearer (level 8, -1/102 HPs)
             Began as a White Draconian Archaeologist on Mar 21, 2024.
             Slain by a troll (8 damage)
             ... on level 6 of the Dungeon.
             The game lasted 00:15:03 (6754 turns).

Finalfun the Shield-Bearer (DrAc)                   Turns: 6754, Time: 00:15:04

Health: -1/102     AC: 24    Str: 17    XL:     8   Next: 80%
Magic:  11/11      EV:  1    Int: 14    God:
Gold:   435        SH:  3    Dex:  9    Spells: 7/7 levels left

rFire    . . .     GDR:     46% a - +0 spear
rCold    + . .     SeeInvis +   D - +0 buckler
rNeg     + + +     Gourm    .   (armour unavailable)
rPois    +         Faith    .   (helmet currently unavailable)
rElec    .         Spirit   .   (cloak currently unavailable)
rCorr    .         Reflect  .   (gloves currently unavailable)
MR       .....     NoTele   +   (boots currently unavailable)
Stlth    ++........             (no amulet)
HPRegen  0.27/turn              k - ring of protection from cold
MPRegen  0.12/turn              n - ring of see invisible

@: short of breath, tree-form
A: giant, (breathe frost), unfitting armour, AC +6
a: no special abilities


You were on level 6 of the Dungeon.
You were not hungry.
You were a tree.
You visited 1 branch of the dungeon, and saw 6 of its levels.

You collected 448 gold pieces.
You spent 13 gold pieces at shops.

Inventory:

Hand Weapons
 a - a +0 spear (weapon)
 b - a +0 blowgun
Missiles
 h - 2 curare-tipped needles
 m - 448 poisoned needles
 p - 210 stones
 t - 56 poisoned tomahawks (quivered)
 C - 34 needles of confusion
Armour
 c - a +1 hat (melded)
 d - a +1 pair of boots (melded)
 g - the +1 pair of gloves of Repulsion (melded) {rN+}
   (You acquired it on level 3 of the Dungeon)

   It protects you from negative energy.
 D - a +0 buckler (worn)
Jewellery
 k - a ring of protection from cold (left branch)
 n - a ring of see invisible (right branch)
 A - the ring "Kuoxuuck" {Fire Dex+2}
   (You took it off a gnoll on level 3 of the Dungeon)

   [ring of fire]

   It enhances your fire magic.
   It affects your dexterity (+2).
   It protects you from fire.
   It makes you vulnerable to cold.
Wands
 s - a wand of iceblast (7)
Scrolls
 f - 5 scrolls of revelation
 i - a scroll of identify
 j - a scroll of remove curse
 q - 3 scrolls of teleportation {unknown}
 r - 2 scrolls of noise {unknown}
 v - 2 scrolls of fear {unknown}
 w - a scroll of immolation {unknown}
 x - a scroll of fog {unknown}
 y - a scroll of blinking {unknown}
 B - 4 scrolls of amnesia {unknown}
Potions
 l - a potion of lignification
 o - a potion of mutation {unknown}
 u - a potion of haste {unknown}
 z - a potion of cancellation {unknown}
Comestibles
 e - 4 rations {!d}


   Skills:
 - Level 5.0 Fighting
   Level 1.0 Maces & Flails
 - Level 6.0 Polearms
 - Level 4.0 Dodging
 - Level 3.0 Stealth
 - Level 6.0 Shields
 + Level 4.5 Evocations


You had 7 spell levels left.
You didn't know any spells.
Your spell library was empty.

Dungeon Overview and Level Annotations

Branches:
Dungeon (6/12)
 Temple: D:4-7

Altars:
Dithmenos
Fedhas
Lugonu
Ru
Uskayaw
Xom
Yredelemnul
Zin

Shops:
D:5 (   D:6 (*!

Annotations:
D:5 3 runed translucent doors, Burana's ghost, novice OpAc


Innate Abilities, Weirdness & Mutations

((You can breathe waves of freezing cold.))
((You can buffet flying creatures when you breathe cold.))
((Your icy white scales are hard. (AC +6)))
You cannot fit into any form of body armour.
((Your flesh is cold resistant. (rC+)))
((You are cold-blooded and may be slowed by cold attacks.))


Message History

Really quaff the potion of lignification?
You turn into a tree.
Your +1 hat melds into your body.
The +1 pair of gloves of Repulsion {rN+} melds into your body.
Your +1 pair of boots melds into your body.
Your roots penetrate the ground.
You block the troll's attack. The troll claws you but does no damage.
The troll claws you!
* * * LOW HITPOINT WARNING * * *
You hit the troll.
The troll is almost dead.
The troll bites you but does no damage.
The troll claws you but does no damage. x2
You barely miss the troll.
The troll is almost dead.
The troll bites you but does no damage. The troll claws you.
* * * LOW HITPOINT WARNING * * *
The troll claws you but does no damage.
You hit the troll.
The troll is almost dead.
The troll bites you but does no damage. The troll claws you but does no damage.
The troll claws you!
You die...

.#)†...#
#.≈#..#.#.###≈##.....
##††...#
#.≈.#≈..≈..#........
...##+##
#'#.#≈≈.≈P..'#.##+### ...#
.. #.#≈.≈......≈#.... ...# .
#.#≈≈≈.P...#≈..... ...+
#.)#≈).P...#≈#.... ...###
####≈)#....##.##.##. ∩....#
#..##≈≈≈T....#....# .....+
#...#..♣.##.##....# .....#
#.................# .....#
#.................# .....#
#.................# .....#
#.>.......###.##..#
...).###+#.................#
.......................#.# #
........................_#
.....................##..#


You could see a troll.

Vanquished Creatures
  A slime creature (D:5)
  2 sky beasts
  An orc warrior (D:4)
  A phantom (D:6)
  An ogre (D:4)
  A bullfrog (D:5)
  A centaur (D:5)
  6 electric eels (D:6)
  An orc priest (D:6)
  3 crimson imps
  3 hounds
  A jelly (D:5)
  An iguana (D:4)
  Natasha (thrice) (D:4)
  2 orc wizards (D:5)
  6 worker ants
  A hound skeleton (D:5)
  A worker ant zombie (D:3)
  6 gnolls
  5 adders
  A shadow imp (D:5)
  A worm (D:2)
  3 dart slugs
  2 leopard geckos (D:1)
  8 orcs
  A ball python (D:1)
  5 giant cockroaches
  5 goblins
  5 hobgoblins
  8 jackals
  5 kobolds
  A quokka (D:5)
  6 bats
  4 frilled lizards
  A quokka zombie (D:5)
  8 rats
111 creatures vanquished.

Notes
Turn   | Place    | Note
-------+----------+-------------------------------------------
     0 | D:1      | Finalfun the Draconian Archaeologist began the quest for
                  | the Orb.
     0 | D:1      | Reached XP level 1. HP: 16/16 MP: 1/1
   243 | D:1      | Reached XP level 2. HP: 23/23 MP: 2/2
  1035 | D:1      | Noticed a kobold brigand
  1035 | D:1      | Noticed a kobold brigand
  1038 | D:1      | Noticed a kobold brigand
  1043 | D:1      | Noticed a kobold brigand
  1232 | D:2      | Reached XP level 3. HP: 23/28 MP: 3/3
  1306 | D:2      | Found a glowing silver altar of Zin.
  1307 | D:2      | Found a shimmering altar of Xom.
  1307 | D:2      | Found a hide-covered altar of Uskayaw.
  1309 | D:2      | Found a corrupted altar of Lugonu.
  1349 | D:2      | Found a sacrificial altar of Ru.
  1429 | D:2      | Found a shadowy altar of Dithmenos.
  1747 | D:2      | Found a basalt altar of Yredelemnul.
  1861 | D:2      | Found a sacrificial altar of Ru.
  2232 | D:3      | Reached XP level 4. HP: 37/37 MP: 4/4
  2480 | D:3      | Identified the ring "Kuoxuuck" {Fire Dex+2}
  2637 | D:3      | Noticed a sky beast
  3009 | D:3      | Killed a sky beast
  3010 | D:3      | Reached skill level 1 in Polearms
  3010 | D:3      | Reached skill level 1 in Shields
  3010 | D:3      | Reached XP level 5. HP: 24/46 MP: 5/5
  3010 | D:3      | Identified a scroll of acquirement
  3010 | D:3      | Identified the +7 demon trident of Plog {pain, Dex+2
                  | Stlth+} (You acquired it on level 3 of the Dungeon)
  3010 | D:3      | Identified the +1 pair of gloves of Repulsion {rN+} (You
                  | acquired it on level 3 of the Dungeon)
  3243 | D:4      | Noticed an orc warrior
  3272 | D:4      | Killed an orc warrior
  3273 | D:4      | Reached XP level 6. HP: 22/53 MP: 6/6
  3461 | D:4      | Reached skill level 5 in Fighting
  3615 | D:4      | Noticed Natasha
  3646 | D:4      | Killed Natasha
  3651 | D:4      | Your scales start taking on an icy white colour.
  3651 | D:4      | Reached XP level 7. HP: 59/61 MP: 7/7
  3651 | D:4      | Gained mutation: Your flesh is cold resistant. (rC+) [White
                  | Draconian growth]
  3698 | D:4      | Noticed Natasha
  3709 | D:4      | Killed Natasha
  3793 | D:4      | Noticed Natasha
  3802 | D:4      | Killed Natasha
  4562 | D:5      | Entered Level 5 of the Dungeon
  4936 | D:5      | Found Woesim's Antique Weapon Shoppe.
  5193 | D:5      | Reached skill level 5 in Polearms
  5193 | D:5      | Reached skill level 5 in Shields
  5193 | D:5      | Reached XP level 8. HP: 45/68 MP: 8/8
  5457 | D:5      | Found a runed translucent gate.
  5459 | D:5      | Found a runed translucent gate.
  5459 | D:5      | Found a runed translucent gate.
  5463 | D:5      | Noticed Burana's ghost (novice OpAc)
  5554 | D:6      | Found Gaf Toir's Distillery.
  5606 | D:6      | Bought a potion of degeneration for 13 gold pieces
  5628 | D:6      | Found Inezor's Assorted Antiques.
  5629 | D:6      | Noticed a slime creature
  5720 | D:5      | HP: 5/102 [slime creature (2)]
  5722 | D:5      | Killed a slime creature
  5937 | D:6      | Reached skill level 1 in Evocations
  6028 | D:6      | Found Kukaapez's Antique Weapon Boutique.
  6149 | D:6      | Found a blossoming altar of Fedhas.
  6729 | D:6      | Noticed a troll
  6754 | D:6      | Slain by a troll

Skill      XL: |  1  2  3  4  5  6  7  8 |
---------------+-------------------------+-----
Dodging        | 3 4 |  4.0
Fighting       | 2 4 5 |  5.0
Polearms       | 1 2 3 5 6 |  6.0
Shields        | 1 2 3 5 6 |  6.0
Evocations     | 4 |  4.5
Maces & Flails | |  1.0
Stealth        | |  3.0

Action                   |  1- 3 |  4- 6 |  7- 9 || total
-------------------------+-------+-------+-------++-------
Melee: Whip              |   188 |    47 |       ||   235
       Tailslap          |    14 |     8 |    33 ||    55
       Spear             |       |    75 |   314 ||   389
 Fire: Blowgun           |       |     4 |       ||     4
Throw: Tomahawk          |     3 |    25 |    52 ||    80
 Abil: Breathe Frost     |       |       |     9 ||     9
Evoke: Wand              |       |       |     2 ||     2
  Use: Scroll            |     2 |     5 |       ||     7
       Potion            |       |     2 |     3 ||     5
 Stab: Sleeping          |     9 |       |     1 ||    10
  Eat: Chunk             |     9 |     5 |    10 ||    24
       Ration            |       |     1 |     3 ||     4
Armor: Skin              |    73 |    47 |    95 ||   215
Dodge: Dodged            |   129 |   107 |   127 ||   363
Block: Buckler           |       |    20 |    48 ||    68
